AoeStats
← Dougladhnn

Black Forest

505341194Analyzed
4v4 RM · 25d ago on Sep 8, 2026· 47m 35s· 8 players
Game mode
Random Map
Map size
Large (8 player)
Population
200
Speed
Normal
Resources
Standard
Victory
Conquest
Starting age
Dark Age
Ending age
Imperial Age
RankedLock teamsTeams togetherTeam positionsShared explorationLock speedFull tech treeHidden civsTurbo modeCheats
Victory
Defeat
🇩🇪 Turks · Germany
858
+13
🇮🇹 Hindustanis · Italy
852
+13
🇬🇧 Bohemians · United Kingdom
742
+17
🇲🇽 Franks · Mexico
740
+17
🇪🇸 Britons · Spain
976
-71
🇧🇷 Goths · Brazil
748
-14
🇨🇱 Teutons · Chile
708
-12
🇦🇷 Celts · Argentina
675
-11
Dougladhnn
2:26 Loom
13:55 Feudal Age
14:24 Horse Collar
14:34 Double-Bit Axe
18:29 Wheelbarrow
21:25 Castle Age
19:19 Gold Mining
19:20 Stone Mining
23:47 Bow Saw
24:00 Heavy Plow
25:16 Hand Cart
31:37 Imperial Age
29:38 Scale Mail Armor
29:47 Caravan
30:12 Forging
32:20 Chain Mail Armor
32:41 Iron Casting
33:02 Crop Rotation
33:37 Two-Man Saw
34:06 Padded Archer Armor
33:56 Fletching
34:40 Ballistics
35:20 Chemistry
34:52 Conscription
34:34 Perfusion
34:58 Anarchy
35:57 Squires
35:18 Pikeman
35:49 Halberdier
38:41 Blast Furnace
37:08 Crossbowman
37:21 Crossbowman
40:26 Stone Shaft Mining
40:08 Masonry
39:31 Elite Skirmisher
40:33 Town Watch
46:23 Elite Huskarl
sebajr10
10:52 Feudal Age
12:08 Wheelbarrow
11:22 Double-Bit Axe
14:26 Horse Collar
21:13 Castle Age
19:57 Gold Mining
22:12 Hand Cart
22:24 Bow Saw
22:48 Caravan
24:02 Stone Mining
26:35 Stone Shaft Mining
30:33 Heavy Plow
31:06 Forging
30:57 Scale Mail Armor
31:51 Ballistics
34:48 Imperial Age
32:06 Town Watch
32:11 Loom
33:07 Iron Casting
32:47 Chain Mail Armor
32:58 Pikeman
33:39 Squires
33:24 Arson
34:23 Town Patrol
34:32 Scale Barding Armor
34:18 Fletching
34:28 Padded Archer Armor
34:21 Man-at-Arms
34:47 Gambesons
36:35 Chemistry
36:00 Halberdier
37:43 Two-Man Saw
36:45 Elite Teutonic Knight
42:51 Crop Rotation
45:08 Blast Furnace
43:59 Cavalier
44:51 Bloodlines
PorongaArenosa
0:38 Loom
14:51 Feudal Age
16:18 Town Watch
16:25 Double-Bit Axe
16:27 Horse Collar
19:09 Wheelbarrow
19:21 Stone Mining
22:24 Gold Mining
26:46 Fletching
30:27 Castle Age
29:34 Padded Archer Armor
31:29 Hand Cart
32:14 Town Patrol
33:54 Gold Shaft Mining
33:46 Heavy Plow
33:56 Crossbowman
35:16 Bodkin Arrow
36:13 Leather Archer Armor
37:06 Caravan
37:52 Bow Saw
38:19 Scale Barding Armor
38:26 Forging
40:05 Yeomen
40:31 Fortified Wall
44:29 Imperial Age
43:03 Ballistics
44:31 Elite Longbowman
panchocilveira
2:22 Loom
14:17 Feudal Age
16:02 Wheelbarrow
15:28 Double-Bit Axe
16:10 Town Watch
26:34 Castle Age
24:45 Stone Mining
25:19 Gold Mining
25:12 Horse Collar
26:25 Fletching
27:39 Bow Saw
27:54 Pikeman
32:07 Forging
33:31 Hand Cart
33:35 Caravan
35:37 Elite Skirmisher
37:28 Gold Shaft Mining
40:26 Ballistics
40:53 Iron Casting
41:54 Stone Shaft Mining
41:35 Scale Mail Armor
43:09 Chain Mail Armor
46:28 Imperial Age
garciagtzcarlos
11:26 Feudal Age
10:09 Loom
12:52 Double-Bit Axe
22:16 Castle Age
21:08 Stone Mining
21:11 Gold Mining
24:02 Bow Saw
29:02 Squires
28:23 Pikeman
28:55 Arson
29:50 Caravan
30:41 Coinage
35:26 Imperial Age
33:34 Wheelbarrow
34:07 #83
35:35 Hand Cart
36:28 Conscription
35:30 Elite Throwing Axeman
36:13 Chivalry
36:22 Husbandry
35:59 Cavalier
37:52 Paladin
39:50 Banking
39:37 Halberdier
42:47 Padded Archer Armor
42:38 Fletching
42:58 Forging
42:49 Scale Mail Armor
42:54 Scale Barding Armor
46:52 Gold Shaft Mining
maxmucb
13:36 Feudal Age
15:59 Double-Bit Axe
15:58 Horse Collar
20:55 Castle Age
22:52 Bow Saw
23:54 Heavy Plow
24:38 Fletching
24:49 Padded Archer Armor
27:13 Wheelbarrow
32:21 Imperial Age
31:06 Chemistry
33:12 Hand Cart
32:43 Elite Skirmisher
33:30 Bodkin Arrow
33:51 Leather Archer Armor
34:42 Two-Man Saw
33:26 Pikeman
34:07 Squires
35:33 Ballistics
35:09 Murder Holes
36:01 Hussite Reforms
36:34 Caravan
37:47 Ring Archer Armor
37:18 Bracer
37:18 Scale Mail Armor
38:51 Scale Barding Armor
38:59 Forging
38:37 Halberdier
40:22 Siege Engineers
41:41 Chain Barding Armor
47:03 Houfnice
Lorkan
0:30 Loom
13:04 Feudal Age
18:11 Castle Age
28:33 Fletching
32:13 Imperial Age
35:54 Scale Barding Armor
35:59 Forging
36:04 Bloodlines
35:54 Husbandry
36:44 Double-Bit Axe
37:23 Chain Barding Armor
37:43 Artillery
39:03 Wheelbarrow
40:48 Heavy Camel Rider
40:52 Elite Janissary
43:17 Iron Casting
43:17 Plate Barding Armor
42:44 Padded Archer Armor
Il Gonzaga
0:34 Loom
13:36 Feudal Age
14:02 Double-Bit Axe
15:00 Horse Collar
16:00 Gold Mining
16:38 Stone Mining
23:59 Castle Age
22:28 Bloodlines
22:35 Forging
25:25 Bow Saw
25:55 Heavy Plow
27:14 Caravan
27:24 Scale Barding Armor
27:55 Iron Casting
28:23 Stone Shaft Mining
28:27 Gold Shaft Mining
29:34 Grand Trunk Road
30:38 Fervor
31:18 Wheelbarrow
30:58 Husbandry
31:01 Town Watch
32:35 Hand Cart
34:33 Ballistics
37:14 Imperial Age
35:53 Masonry
37:27 Squires
37:13 Arson
36:50 Pikeman
37:59 Chain Barding Armor
37:41 Padded Archer Armor
39:01 Two-Man Saw
39:06 Chemistry
39:10 Blast Furnace
38:35 Conscription
41:15 Shatagni
41:35 Leather Archer Armor
42:01 Plate Barding Armor
41:13 Heavy Camel Rider
43:51 Ring Archer Armor
44:21 Hoardings
Connection lost

Rejoining the realm…

Still unreachable

The connection could not be restored.

Session expired

The server has moved on; the page needs a fresh start.